AoeStats
← Nhan_prime

Arena

510807282Analyzed
1v1 RM · 15h ago on Oct 2, 2026· 47m 11s· 2 players
Game mode
Random Map
Map size
Tiny (2 player)
Population
200
Speed
Normal
Resources
Standard
Victory
Conquest
Starting age
Dark Age
Ending age
Imperial Age
RankedLock teamsTeams togetherTeam positionsShared explorationLock speedFull tech treeHidden civsTurbo modeCheats
Victory
Defeat
🇹🇼 Mongols · Taiwan
687
+15
🇻🇳 Bohemians · Vietnam
671
-15
Nhan_prime
0:28 Loom
13:23 Feudal Age
13:48 Double-Bit Axe
13:47 Horse Collar
20:13 Castle Age
21:28 Forging
21:09 Fletching
22:12 Bow Saw
23:59 Padded Archer Armor
24:38 Wheelbarrow
24:16 Heavy Plow
24:41 Town Watch
25:26 Masonry
26:28 Hand Cart
34:11 Imperial Age
34:54 Murder Holes
36:01 Chemistry
35:21 Ballistics
35:29 Conscription
34:30 Elite Hussite Wagon
36:03 Wagenburg Tactics
36:47 Leather Archer Armor
36:28 Bodkin Arrow
37:09 Iron Casting
37:38 Houfnice
c023
3:30 Loom
10:46 Feudal Age
11:48 Horse Collar
11:57 Double-Bit Axe
14:27 Wheelbarrow
16:51 Gold Mining
19:24 Castle Age
17:22 Stone Mining
19:01 Town Watch
20:28 Heavy Plow
20:43 Bow Saw
21:46 Bloodlines
22:34 Stone Shaft Mining
22:38 Gold Shaft Mining
24:47 Hand Cart
32:25 Imperial Age
29:57 Town Patrol
29:51 Fletching
30:02 Padded Archer Armor
30:05 Husbandry
30:34 Bodkin Arrow
31:13 Nomads
31:48 Masonry
32:52 Ballistics
34:39 Conscription
36:05 Parthian Tactics
35:01 Elite Skirmisher
35:47 Thumb Ring
37:12 Chemistry
36:18 Siege Engineers
36:16 Bracer
36:32 Leather Archer Armor
36:29 Forging
36:25 Scale Barding Armor
35:44 Light Cavalry
37:09 Hoardings
39:14 Onager
39:31 Hussar
40:50 Iron Casting
40:16 Scale Mail Armor
40:36 Chain Barding Armor
42:53 Capped Ram
44:47 Pikeman
45:28 Squires
46:13 Elite Mangudai
Connection lost

Rejoining the realm…

Still unreachable

The connection could not be restored.

Session expired

The server has moved on; the page needs a fresh start.